 Dungeon Crawl Stone Soup version 0.30-a0-218-gedb9141078 (webtiles) character file.

Game seed: 3997990721080654354

4123 KennySheep the Fighter (level 10, -3/147 (156) HPs)
             Began as an Ogre Earth Elementalist on Oct 5, 2022.
             Was an Initiate of Gozag.
             Slain by a kobold brigand
             ... wielding a +0 dagger
              (8 damage)
             ... on level 8 of the Dungeon.
             The game lasted 00:23:05 (8456 turns).

KennySheep the Fighter (Ogre Earth Elementalist)    Turns: 8456, Time: 00:23:06

HP:   -3/147 (156)  AC:  3    Str: 16    XL:     10   Next: 27%
MP:   17/22         EV: 16    Int: 18    God:    Gozag
Gold: 301           SH:  0    Dex: 15    Spells: 19/25 levels left

rFire   + + .      SeeInvis .    i - +2 hammer "Osein" {flame, *Rage rPois rF+ rC+++}
rCold   + + +      Faith    .    (no shield)
rNeg    . . .      Spirit   .    a - +0 robe
rPois   +          Reflect  .    (helmet restricted)
rElec   .          Harm     .    (no cloak)
rCorr   .          Rampage  .    (gloves unavailable)
Will    +....      Rage     20%  (boots unavailable)
Stlth   ..........               (no amulet)
HPRegen 0.44/turn                j - +4 ring of evasion
MPRegen 0.18/turn                m - ring "Poanneac" {rPois rF+ Dex+6}

@: berserking (expiring), gold aura, drained, very quick
A: large, unfitting armour, tough skin 1
a: Renounce Religion, Potion Petition, Call Merchant, Bribe Branch


You were on level 8 of the Dungeon.
You worshipped Gozag.
Gozag was aware of your devotion.
You visited 1 branch of the dungeon, and saw 8 of its levels.

You collected 598 gold pieces.
You spent 200 gold pieces at shops.
You paid 97 gold pieces to Gozag.

Inventory:

Hand Weapons
 c - a +0 dagger
 i - the +2 hammer "Osein" (weapon) {flame, *Rage rPois rF+ rC+++}
   (You found it on level 2 of the Dungeon)

   It burns those it strikes, dealing additional fire damage.
   rF:        It protects you from fire.
   rC:        It renders you almost immune to cold.
   rPois:     It protects you from poison.
   *Rage:     It berserks you when you make melee attacks (+20% chance).
 y - a +0 flail
Missiles
 g - 2 throwing nets
 z - 5 large rocks
Armour
 a - a +0 robe (worn)
Jewellery
 j - a +4 ring of evasion (left hand)
 k - a +6 ring of dexterity
 m - the ring "Poanneac" (right hand) {rPois rF+ Dex+6}
   (You found it on level 2 of the Dungeon)

   [ring of protection from fire]

   Dex:       It affects your dexterity (+6).
   rF:        It protects you from fire.
   rPois:     It protects you from poison.
 D - an amulet of guardian spirit
Wands
 h - a wand of flame (12)
 H - a wand of paralysis (2)
Scrolls
 d - 2 scrolls of enchant armour
 e - 2 scrolls of enchant weapon
 f - 4 scrolls of amnesia
 l - 2 scrolls of noise
 n - a scroll of fear
 p - 3 scrolls of silence
 r - a scroll of blinking {unknown}
 s - 3 scrolls of fog
 v - 2 scrolls of teleportation
 x - 2 scrolls of poison {unknown}
 C - a scroll of vulnerability {unknown}
 E - a scroll of magic mapping
Potions
 b - 2 potions of magic
 o - 2 potions of curing {unknown}
 q - 2 potions of flight {unknown}
 t - 2 potions of brilliance
 u - a potion of attraction {unknown}
 w - 2 potions of mutation {unknown}
 A - 2 potions of might {unknown}
 B - a potion of heal wounds {unknown}
 F - a potion of resistance {unknown}
 G - a potion of lignification {unknown}


   Skills:
 + Level 8.3 Fighting
 * Level 7.6 Maces & Flails
 * Level 2.8 Throwing
 + Level 5.5 Dodging
 - Level 1.4 Stealth
 - Level 8.0 Spellcasting
 - Level 0.8 Transmutations
 - Level 3.7 Earth Magic


You had 19 spell levels left.
You knew the following spells:

 Your Spells              Type           Power      Damage    Failure   Level
a - Sandblast             Erth           40%        2d10      2%          1
b - Passwall              Tmut/Erth      12%        N/A       6%          2
c - Stone Arrow           Conj/Erth      26%        3d8       14%         3

Your spell library contained the following spells:

 Spells                   Type           Power      Damage    Failure   Level
 Petrify                  Tmut/Erth      15%        N/A       36%         4
 Malign Gateway           Summ/Tloc      3%         N/A       100%        7
 Summon Horrible Things   Summ           3%         N/A       100%        8


Dungeon Overview and Level Annotations

Branches:
Dungeon (8/15)             Temple (0/1) D:7
   Lair: D:8-11

Altars:
Ashenzari
Dithmenos
Gozag
Uskayaw
Wu Jian
Yredelemnul
Zin
The Shining One
Lugonu

Shops:
D:3 ?   D:4 (

Portals:
Abyss: D:6


Innate Abilities, Weirdness & Mutations

You are too large for most types of armour.
You have tough skin. (AC +1)


Message History

* * * LOW HITPOINT WARNING * * *
A kobold brigand comes into view.
It is wielding a +0 dagger and quivering curare-tipped darts.
You hit the centaur. You burn the centaur.
The centaur is almost dead.
The centaur hits you.
* * * LOW HITPOINT WARNING * * *
The centaur completely misses you.
You hit the centaur. You burn the centaur.
You kill the centaur!
The wight completely misses you.
You hit the kobold brigand. You burn the kobold brigand.
The kobold brigand is moderately wounded.
The kobold brigand hits you with a +0 dagger.
* * * LOW HITPOINT WARNING * * *
The wight hits you with a +0 mace!
* * * LOW HITPOINT WARNING * * *
You feel drained.
* * * LOW HITPOINT WARNING * * *
You hit the wight. You burn the wight.
The wight is moderately damaged.
You hit the wight. You burn the wight.
The wight is heavily damaged.
The wight is distracted by your dazzling golden aura.
The kobold brigand hits you with a +0 dagger.
* * * LOW HITPOINT WARNING * * *
You hit the wight. You burn the wight.
The wight is no longer distracted by gold.
The wight is almost destroyed.
The wight closely misses you. The kobold brigand closely misses you.
You sock the wight! You burn the wight.
You destroy the wight!
You completely miss the kobold brigand.
The kobold brigand is moderately wounded.
The kobold brigand hits you with a +0 dagger.
* * * LOW HITPOINT WARNING * * *
You barely miss the kobold brigand.
The kobold brigand is moderately wounded.
The kobold brigand hits you with a +0 dagger!
You die...
Your body crumbles into a pile of gold.

#...##.## #...##.#
#.....# #....## #....# ##
#....# .### .#.#...#
#K.#..#.##..##
.#######@$.##.# #..######
#.......####.# #........
............######..#####
................##.##
.###.#.............#
#.#.###........## # #.
########.# .. #+# ##.


You could see a kobold brigand.

Vanquished Creatures
  6 yaks (D:7)
  2 wyverns (D:8)
  Duvessa (D:4)
  2 sky beasts (D:7)
  An orc warrior (D:7)
  3 ice beasts
  2 centaurs
  A kobold brigand (D:5)
  A bullfrog (D:7)
  A necrophage (D:6)
  5 scorpions
  A water moccasin zombie (D:6)
  4 wights
  Dowan (D:4)
  4 killer bees (D:7)
  A vampire bat (D:3)
  An electric eel (D:6)
  3 howler monkeys
  5 centaur zombies (D:6)
  A human zombie (D:6)
  3 orc priests
  A gnoll bouda (D:7)
  4 hounds
  3 iguanas (D:5)
  Crazy Yiuf (D:2)
  3 orc wizards
  A killer bee zombie (D:6)
  3 mummies (D:6)
  6 adders
  7 gnolls
  A shadow imp (D:6)
  2 white imps
  An ufetubus (D:4)
  3 worms
  4 dart slugs
  3 fire bats (D:3)
  10 orcs
  2 spectral bats (D:3)
  2 ball pythons
  16 bats
  3 bat skeletons (D:3)
  A bat zombie (D:3)
  6 endoplasms
  6 giant cockroaches
  4 goblins
  4 hobgoblins (D:4)
  5 jackals
  10 kobolds
  A quokka (D:1)
  3 training dummies (D:4)
  A bat simulacrum (D:3)
  5 frilled lizards
  4 rats
  A lurking horror (D:6)
176 creatures vanquished.

Vanquished Creatures (others)
  A bush (D:7)
1 creature vanquished.

Grand Total: 177 creatures vanquished

Notes
Turn   | Place    | Note
-------+----------+-------------------------------------------
     0 | D:1      | KennySheep the Ogre Earth Elementalist began the quest for
                  | the Orb.
     0 | D:1      | Reached XP level 1. HP: 16/16 MP: 3/3
   254 | D:1      | Reached XP level 2. HP: 21/26 MP: 0/5
   267 | D:1      | Reached skill level 1 in Fighting
   536 | D:1      | Reached XP level 3. HP: 33/33 MP: 1/7
   975 | D:1      | Learned a level 2 spell: Passwall
   979 | D:1      | Learned a level 3 spell: Stone Arrow
  1387 | D:2      | Found a faded altar of an unknown god.
  1453 | D:2      | Reached XP level 4. HP: 42/42 MP: 6/9
  1661 | D:2      | Found a runed translucent door.
  1662 | D:2      | Noticed Crazy Yiuf
  1857 | D:2      | Killed Crazy Yiuf
  1861 | D:2      | Identified the +2 hammer "Osein" {flame, *Rage rPois rF+
                  | rC+++}
  2156 | D:2      | Identified the ring "Poanneac" {rPois rF+ Dex+6}
  2278 | D:3      | Found Unucrocra's Magic Scroll Shop.
  2281 | D:3      | Bought a scroll of fear for 48 gold pieces
  2359 | D:3      | Found a broken altar of Ashenzari.
  2392 | D:3      | Reached XP level 5. HP: 50/50 MP: 8/11
  2680 | D:3      | Reached skill level 1 in Maces & Flails
  2754 | D:3      | Reached skill level 5 in Spellcasting
  2754 | D:3      | Reached XP level 6. HP: 61/61 MP: 10/13
  3221 | D:4      | Found Faodd's Firing Range.
  3469 | D:4      | Noticed Dowan
  3470 | D:4      | Noticed Duvessa
  3483 | D:4      | Killed Duvessa
  3485 | D:4      | Killed Dowan
  4108 | D:4      | Found a shadowy altar of Dithmenos.
  4205 | D:5      | Entered Level 5 of the Dungeon
  4208 | D:5      | Reached XP level 7. HP: 68/68 MP: 13/15
  4273 | D:5      | Found a glowing silver altar of Zin.
  4294 | D:5      | Found a hide-covered altar of Uskayaw.
  4541 | D:3      | Bought a scroll of enchant armour for 90 gold pieces
  4541 | D:3      | Bought a scroll of identify for 24 gold pieces
  5301 | D:6      | Reached XP level 8. HP: 74/79 MP: 13/17
  5309 | D:5      | Reached skill level 5 in Fighting
  5678 | D:6      | Found a glowing golden altar of the Shining One.
  5892 | D:6      | Found an ornate altar of the Wu Jian Council.
  6006 | D:6      | Reached skill level 5 in Maces & Flails
  6057 | D:6      | Found a basalt altar of Yredelemnul.
  6184 | D:6      | Reached XP level 9. HP: 74/89 MP: 9/19
  6453 | D:6      | Found a one-way gate to the infinite horrors of the Abyss.
  6454 | D:6      | Found a corrupted altar of Lugonu.
  6655 | D:7      | Found an opulent altar of Gozag.
  6668 | D:7      | Became a worshipper of Gozag Ym Sagoz the Greedy
  7291 | D:7      | Found a staircase to the Ecumenical Temple.
  7564 | D:7      | Reached skill level 5 in Dodging
  7658 | D:4      | Bought 5 large rocks for 38 gold pieces
  7892 | D:7      | Reached skill level 1 in Throwing
  7892 | D:7      | Reached XP level 10. HP: 104/104 MP: 22/22
  8455 | D:8      | HP: 4/147 [kobold brigand/+0 dagger (4)]
  8456 | D:8      | Slain by a kobold brigand

Illustrated notes

Levels and vault maps discovered:
D:1:      saegor_arrival_simple_a, layout_loops_ring, patterned_corridor
D:2:      layout_basic, dreamdust_ecumenical_altar_angels_and_demons,
          corner_web_ring, minmay_tetromino_l2, uniq_crazy_yiuf_cottage
D:3:      layout_loops_ring, mainiacjoe_overflow_surrounded_room, serial_shops,
          shop, minivault_25, goddamned_bats
D:4:      layout_basic, lemuel_round_altar, minivault_27,
          nicolae_shop_firing_range, uniq_duvessa
D:5:      layout_basic, mainiacjoe_overflow_divided_tiny
D:6:      layout_cave_pools, lemuel_mausoleum_altar_yredelemnul,
          mainiacjoe_overflow_large_starburst, nrook_pool_corridor,
          amcnicky_altar_lugonu_corruption
D:7:      layout_basic, nicolae_gozag_cash_rules_everything_around_me,
          minmay_temple_entry_trees
D:8:      minmay_ornate_pinched, layout_loops_corners, kennysheep_little_box,
          uniq_joseph

Skill      XL: |  1  2  3  4  5  6  7  8  9 10 |
---------------+-------------------------------+-----
Fighting       | 1 2 3 4 6 7 8 |  8.3
Spellcasting   | 3 4 5 6 7 8 |  8.0
Earth Magic    | 3 |  3.7
Maces & Flails | 1 2 3 5 7 |  7.6
Dodging        | 2 4 5 |  5.5
Throwing       | 1 2 |  2.8
Stealth        | |  1.4
Transmutations | |  0.8

Action                   |  1- 3 |  4- 6 |  7- 9 | 10-12 || total
-------------------------+-------+-------+-------+-------++-------
Melee: Unarmed           |    10 |       |       |       ||    10
       Dagger            |     1 |       |       |       ||     1
       Mace              |       |    11 |    89 |    43 ||   143
       Punch             |       |       |     2 |       ||     2
 Cast: Sandblast         |    49 |    76 |   189 |    22 ||   336
  Use: Potion            |       |     2 |       |       ||     2
       Scroll            |       |     4 |     4 |       ||     8
Armor: Robe              |    11 |    11 |    46 |     2 ||    70
Dodge: Dodged            |    13 |    45 |   196 |    52 ||   306

Table legend: (Time is in decaauts)
 A = Elapsed time spent in this place.
 B = Non-inter-level travel time spent in this place.
 C = Inter-level travel time spent in this place.
 D = Time resting spent in this place.
 E = Time spent auto-exploring this place.
 F = Levels seen in this place.
 G = Mean time per level.
                   A        B        C        D        E       F      G
               +--------+--------+--------+--------+--------+-----+--------+
         Total |   8756 |   8175 |    581 |   1449 |   5533 |   8 | 1094.5 |
       Dungeon |   8756 |   8175 |    581 |   1449 |   5533 |   8 | 1094.5 |
               +--------+--------+--------+--------+--------+-----+--------+

Top non-repeatable levels by time:
     D:7: 1549 daAuts
     D:6: 1401 daAuts
     D:5: 1237 daAuts
     D:4: 1193 daAuts
     D:2: 1145 daAuts
     D:1: 1137 daAuts
     D:3: 993 daAuts
     D:8: 98 daAuts
